 Dungeon Crawl Stone Soup version 0.31-a0-662-g684573625c (webtiles) character file.

Game seed: 12268062294736236464

3268 Hubris850 the Chiller (level 9, -6/62 HPs)
             Began as a Black Draconian Ice Elementalist on Sept 1, 2023.
             Was an Elder of Elyvilon.
             Mangled by a komodo dragon (25 damage)
             ... on level 8 of the Dungeon.
             The game lasted 00:21:39 (6970 turns).

Hubris850 the Chiller (DrIE)                        Turns: 6970, Time: 00:21:39

Health: -6/62      AC: 11    Str: 13    XL:     9   Next: 68%
Magic:  18/18      EV: 13    Int: 17    God:    Elyvilon [****..]
Gold:   240        SH:  0    Dex: 12    Spells: 9/20 levels left

rFire   + . .        k - +9 long sword (holy)
rCold   . . .        (no shield)
rNeg    . . .        (body armour unavailable)
rPois   +            (helmet restricted)
rElec   +            x - +0 cloak
rCorr   .            u - +0 pair of gloves of the Tuna {+Blink}
SInv    .            a - +1 pair of boots
Will    .....        (no amulet)
Stlth   ++           t - ring of poison resistance
HPRegen 0.30/turn    l - ring of protection from fire
MPRegen 0.16/turn

%: no passive effects
@: no status effects
A: breathe lightning, AC +7, unfitting armour, electricity resistance,
cold-blooded
a: Breathe Lightning, Renounce Religion, Evoke Blink, Purification, Heal Other,
Heal Self


You were on level 8 of the Dungeon.
You worshipped Elyvilon.
Elyvilon was greatly pleased with you.
You visited 1 branch of the dungeon, and saw 8 of its levels.
You also visited: Sewer.

You collected 240 gold pieces.

Inventory:

Hand Weapons
 c - a +0 dagger
 k - a +9 long sword of holy wrath (weapon)
 y - a +4 long sword of freezing
Missiles
 b - 5 boomerangs
 i - 16 poisoned darts
 q - a throwing net
Armour
 a - a +1 pair of boots (worn)
 s - an orb of energy
 u - the +0 pair of gloves of the Tuna (worn) {+Blink}
   (You found it on level 6 of the Dungeon)

   +Blink:    It lets you blink.
 x - a +0 cloak (worn)
Jewellery
 g - a ring of see invisible
 j - a ring of fire
 l - a ring of protection from fire (right hand)
 t - a ring of poison resistance (left hand)
Talismans
 r - a serpent talisman
Wands
 n - a wand of charming (17)
 p - a wand of flame (18)
Scrolls
 e - 2 scrolls of immolation
 f - 4 scrolls of teleportation
 v - 2 scrolls of identify
 w - 2 scrolls of blinking
Potions
 d - 2 potions of lignification
 h - a potion of mutation {unknown}
 m - 4 potions of heal wounds {unknown}
 o - a potion of curing {unknown}
 z - a potion of attraction {unknown}


   Skills:
 + Level 5.2 Long Blades
 - Level 3.5 Dodging
 - Level 1.7 Stealth
 - Level 3.1 Unarmed Combat
 + Level 6.1 Spellcasting
 + Level 3.0 Summonings
 + Level 7.6 Ice Magic
 + Level 5.7 Shapeshifting


You had 9 spell levels left.
You knew the following spells:

 Your Spells              Type           Power      Damage    Failure   Level
a - Freeze                Ice            100%       1d10      1%          1
b - Frozen Ramparts       Ice            62%        1d10      1%          3
c - Ozocubu's Armour      Ice            31%        N/A       1%          3
d - Summon Ice Beast      Ice/Summ       23%        N/A       14%         4

Your spell library contained the following spells:

 Spells                   Type           Power      Damage    Failure   Level
 Volatile Blastmotes      Fire/Tloc      10%        2d10      36%         3
 Fulminant Prism          Conj/Hex       2%         3d5       77%         4
 Iskenderun's Mystic Bla  Conj/Tloc      5%         2d3       77%         4
 Summon Mana Viper        Hex/Summ       10%        N/A       88%         5
 Monstrous Menagerie      Summ           7%         N/A       100%        7


Dungeon Overview and Level Annotations

Branches:
Dungeon (8/15)             Temple (0/1) D:4            Lair (0/5) D:8
  Sewer (visited)

Altars:
Elyvilon
Fedhas
Makhleb
Nemelex Xobeh
Okawaru
Sif Muna
Trog
Yredelemnul

Shops:
D:3 (   D:4 [

Annotations:
D:5 1 runed translucent door


Innate Abilities, Weirdness & Mutations

You can breathe wild blasts of lightning.
Your glossy black scales are hard. (AC +7)
You cannot fit into any form of body armour.
You are resistant to electric shocks. (rElec)
You are cold-blooded and may be slowed by cold attacks.


Message History

You hit the plant.
You tail-slap the plant, but do no damage.
The plant is heavily damaged.
The komodo dragon bites the plant!
The plant begins to die.
The komodo dragon bites the plant.
You slash the plant!
The plant is heavily damaged.
A nearby plant withers and dies.
You hit the komodo dragon but do no damage.
The komodo dragon bites you!!
You hit the komodo dragon.
You tail-slap the komodo dragon, but do no damage.
The komodo dragon is lightly wounded.
The komodo dragon closely misses you.
You barely miss the komodo dragon.
The komodo dragon is lightly wounded.
A nearby plant withers and dies.
The komodo dragon barely misses you.
You hit the komodo dragon.
You tail-slap the komodo dragon, but do no damage.
The komodo dragon is moderately wounded.
The komodo dragon bites you!!
* * * LOW HITPOINT WARNING * * *
You barely miss the komodo dragon.
The komodo dragon is moderately wounded.
The komodo dragon closely misses you.
The komodo dragon completely misses you.
You slash the komodo dragon!
The komodo dragon is heavily wounded.
The komodo dragon closely misses you.
You hit the komodo dragon.
The komodo dragon is severely wounded.
The komodo dragon closely misses you.
You hit the komodo dragon.
The komodo dragon is severely wounded.
The komodo dragon hisses menacingly.
The komodo dragon closely misses you.
You hit the komodo dragon.
The komodo dragon is severely wounded.
The komodo dragon bites you!!
You die...

#...............
########........
###.........
##...########
#..### ###.###
###.....###
##.P...P...##
#PPPPP@.....#
#PPPPlP.P....#
#PP....PPP....
#PP.>.PPPP...#


#PP..PPPPPPP## ##PPPPPPPPP## ########### You could see a komodo dragon.

Vanquished Creatures
  Pikel (D:7)
  A wyvern (D:8)
  3 yaks (D:6)
  2 sky beasts (D:6)
  A black bear (D:5)
  Pargi (Sewer)
  An orc warrior (D:6)
  3 ice beasts
  An ogre (D:5)
  2 lemures
  2 phantoms
  A kobold brigand (Sewer)
  5 bullfrogs
  A scorpion (D:6)
  3 wights (D:8)
  2 orc priests
  A hound (D:6)
  2 jellies
  A human skeleton (D:5)
  A sleepcap (D:5)
  Natasha (thrice) (D:2)
  5 iguanas
  An orc wizard (D:7)
  8 gnolls
  2 river rats (D:6)
  3 adders
  A white imp (D:7)
  5 worms
  4 dart slugs
  21 orcs
  9 ball pythons
  7 endoplasms
  5 giant cockroaches
  7 hobgoblins
  6 jackals
  3 quokkas
  7 bats
  2 frilled lizards
  A goblin (D:1)
  8 kobolds
  8 rats
151 creatures vanquished.

Notes
Turn   | Place    | Note
-------+----------+-------------------------------------------
     0 | D:1      | Hubris850 the Draconian Ice Elementalist began the quest
                  | for the Orb.
     0 | D:1      | Reached XP level 1. HP: 14/14 MP: 3/3
   254 | D:1      | Reached XP level 2. HP: 20/20 MP: 5/5
   863 | D:1      | Reached XP level 3. HP: 24/26 MP: 6/6
   990 | D:1      | Found a faded altar of an unknown god.
   994 | D:1      | Prayed at the altar of an unknown god.
   994 | D:1      | Became a worshipper of Elyvilon the Healer
   994 | D:1      | Reached * piety under Elyvilon
  1173 | D:2      | Reached skill level 1 in Unarmed Combat
  1173 | D:2      | Reached skill level 1 in Shapeshifting
  1292 | D:2      | Found a bloodstained altar of Trog.
  1422 | D:2      | Learned a level 3 spell: Frozen Ramparts
  1576 | D:2      | Noticed Natasha
  1586 | D:2      | Killed Natasha
  1591 | D:2      | Reached XP level 4. HP: 29/33 MP: 0/7
  1709 | D:2      | Noticed Natasha
  1715 | D:2      | Killed Natasha
  1851 | D:2      | Noticed Natasha
  1857 | D:2      | Killed Natasha
  2109 | D:3      | Found Bisytuxu's Weapon Boutique.
  2135 | D:3      | Reached XP level 5. HP: 25/38 MP: 9/9
  2266 | D:3      | Reached ** piety under Elyvilon
  2272 | D:3      | Found a burning altar of Makhleb.
  2833 | D:4      | Found a staircase to the Ecumenical Temple.
  2927 | D:4      | Noticed an ice beast
  2954 | D:4      | Killed an ice beast
  2955 | D:4      | Reached XP level 6. HP: 40/45 MP: 10/10
  3370 | D:4      | Noticed an animated shadow dragon scales
  3375 | D:4      | Found Bioczana's Armour Emporium.
  3377 | D:4      | Noticed an animated pearl dragon scales
  3665 | D:4      | Found a blossoming altar of Fedhas.
  3773 | D:5      | Entered Level 5 of the Dungeon
  3781 | D:5      | Noticed an ice beast
  3871 | D:5      | Killed an ice beast
  3872 | D:5      | Reached skill level 5 in Ice Magic
  3933 | D:5      | Your scales start taking on a glossy black colour.
  3933 | D:5      | Reached XP level 7. HP: 50/50 MP: 12/12
  3933 | D:5      | Gained mutation: You are resistant to electric shocks.
                  | (rElec) [Black Draconian growth]
  4251 | D:5      | Noticed a human
  4253 | D:5      | Found a runed translucent door.
  4255 | D:5      | Found a basalt altar of Yredelemnul.
  4281 | D:5      | Reached skill level 1 in Long Blades
  4315 | D:5      | Reached *** piety under Elyvilon
  4326 | D:5      | Learned a level 3 spell: Ozocubu's Armour
  4764 | D:6      | Identified the +0 pair of gloves of the Tuna {+Blink}
  4819 | D:6      | Noticed a yak
  4821 | D:6      | Noticed a yak
  4825 | D:6      | Noticed a yak
  4827 | D:6      | Reached XP level 8. HP: 37/57 MP: 14/14
  4832 | D:6      | Reached skill level 6 in Ice Magic
  4847 | D:6      | HP: 2/57 [yak (9)]
  4850 | D:6      | Reached skill level 5 in Spellcasting
  5040 | D:6      | Found a glowing drain.
  5047 | Sewer    | Entered a sewer
  5063 | Sewer    | Identified the +7 scale mail "Viffixta" {+Blink Int+6 SInv
                  | Stlth+}
  5160 | Sewer    | Noticed Pargi
  5172 | Sewer    | Killed Pargi
  5243 | D:6      | Found an iron altar of Okawaru.
  5386 | D:6      | Learned a level 4 spell: Summon Ice Beast
  5446 | D:6      | Reached XP level 9. HP: 47/62 MP: 17/17
  5452 | D:6      | Reached skill level 5 in Shapeshifting
  5562 | D:6      | Found a bloodstained altar of Trog.
  5708 | D:6      | Reached skill level 1 in Summonings
  5708 | D:6      | Reached skill level 7 in Ice Magic
  6150 | D:7      | Reached **** piety under Elyvilon
  6223 | D:7      | Found a shimmering blue altar of Sif Muna.
  6579 | D:8      | Noticed Pikel
  6603 | D:7      | Killed Pikel
  6671 | D:8      | Found a sparkling altar of Nemelex Xobeh.
  6688 | D:8      | Reached skill level 5 in Long Blades
  6953 | D:8      | Found a staircase to the Lair.
  6954 | D:8      | Noticed a komodo dragon
  6970 | D:8      | Mangled by a komodo dragon

Illustrated notes

Levels and vault maps discovered:
D:1:      dpeg_arrival_solitude, layout_loops_corners,
          ebering_ecumenical_altar_petrified, minmay_vboxes
D:2:      layout_rooms, basic_altar, uniq_natasha
D:3:      layout_loops_cross, bloody_makhleb, serial_shops,
          nicolae_shop_bloodbath_and_beyond
D:4:      layout_cave_pools, fedhas_altar_4, minmay_temple_entry_ruins,
          serial_forest, infiniplex_forest_lined_room_, infiniplex_forest_end_2,
          infiniplex_forest_clump_medium, infiniplex_forest_clump_C,
          serial_shops, nicolae_shop_mannequins, mrwooster_statue_mirror
D:5:      layout_basic, dk_yredelemnul_ordeal, hangedman_decor_riveting
D:6:      layout_basic, kennysheep_mini_moat, okawaru_metal_pillars_1_2,
          portal_sewer_entry_b
D:7:      layout_gridville, overflow_temple_1_default
D:8:      layout_basic, lemuel_round_altar, general_overflow_altar,
          david_lair_shrubbed, uniq_pikel, uniq_prince_ribbit1

Skill      XL: |  1  2  3  4  5  6  7  8  9 |
---------------+----------------------------+-----
Dodging        | 2 3 |  3.5
Unarmed Combat | 1 2 3 |  3.1
Shapeshifting  | 1 2 3 4 5 |  5.7
Spellcasting   | 3 4 5 6 |  6.1
Ice Magic      | 5 6 7 |  7.6
Long Blades    | 2 4 5 |  5.2
Summonings     | 3 |  3.0
Stealth        | |  1.7

Action                     |  1- 3 |  4- 6 |  7- 9 || total
---------------------------+-------+-------+-------++-------
  Melee: Dagger            |    97 |    92 |       ||   189
         Unarmed           |     6 |   137 |       ||   143
         Tailslap          |    10 |    39 |    26 ||    75
         Punch             |     1 |     5 |     9 ||    15
         Long sword        |       |       |   253 ||   253
  Throw: Dart              |       |     9 |     3 ||    12
   Cast: Freeze            |    34 |    17 |       ||    51
         Frozen Ramparts   |       |     2 |     3 ||     5
         Ozocubu's Armour  |       |       |     2 ||     2
Ability: Breathe Lightning |       |       |     1 ||     1
    Use: Scroll            |     4 |     3 |    11 ||    18
         Potion            |     1 |     2 |     2 ||     5
   Stab: Sleeping          |     3 |     3 |     3 ||     9
 Armour: Skin              |    69 |   177 |   189 ||   435
  Dodge: Dodged            |    75 |   119 |   213 ||   407

Table legend: (Time is in decaauts)
 A = Elapsed time spent in this place.
 B = Non-inter-level travel time spent in this place.
 C = Inter-level travel time spent in this place.
 D = Time resting spent in this place.
 E = Time spent auto-exploring this place.
 F = Levels seen in this place.
 G = Mean time per level.
                   A        B        C        D        E       F      G
               +--------+--------+--------+--------+--------+-----+--------+
         Total |   7035 |   6878 |    157 |   1018 |   4136 |   9 |  781.7 |
       Dungeon |   6848 |   6691 |    157 |   1018 |   4126 |   8 |  856.0 |
         Sewer |    186 |    186 |      0 |      0 |     10 |   1 |  186.0 |
               +--------+--------+--------+--------+--------+-----+--------+

Top non-repeatable levels by time:
     D:1: 1161 daAuts
     D:6: 1020 daAuts
     D:4: 987 daAuts
     D:3: 869 daAuts
     D:2: 812 daAuts
     D:7: 812 daAuts
     D:5: 790 daAuts
     D:8: 394 daAuts
   Sewer: 186 daAuts
